 Dungeon Crawl Stone Soup version 0.31.0-9-g3a7656b989 (webtiles) character file.

Game seed: 24574687898479349

183 qw the Ducker (level 5, -1/26 HPs)
             Began as a Spriggan Hunter on Feb 2, 2024.
             Slain by a black bear (2 damage)
             ... on level 4 of the Dungeon.
             The game lasted 00:00:08 (2622 turns).

qw the Ducker (Spriggan Hunter)                     Turns: 2622, Time: 00:00:09

Health: -1/26      AC:  2    Str:  7    XL:     5   Next: 35%
Magic:  6/6        EV: 21    Int: 10    God:
Gold:   218        SH:  0    Dex: 21    Spells: 4/4 levels left

rFire   . . .        a - +0 shortbow
rCold   . . .        (shield currently unavailable)
rNeg    . . .        c - +0 robe
rPois   +            (helmet restricted)
rElec   .            (no cloak)
rCorr   .            (gloves unavailable)
SInv    +            (boots unavailable)
Will    .....        (no amulet)
Stlth   ++           (no ring)
HPRegen 0.24/turn    (no ring)
MPRegen 0.10/turn

%: no passive effects
@: about to teleport, hasted, very quick
A: very small, no large weapons, unfitting armour, see invisible, speed 3,
poison resistance
a: no special abilities


You were on level 4 of the Dungeon.
You visited 1 branch of the dungeon, and saw 4 of its levels.

You collected 218 gold pieces.


Innate Abilities, Weirdness & Mutations

You are very small and have problems with some larger weapons.
You are too small for most types of armour.
You have supernaturally acute eyesight. (SInv)
You cover ground extremely quickly. (Speed+++)
Your system is resistant to poisons. (rPois)


   Skills:
 - Level 2.1 Fighting
 + Level 5.0 Ranged Weapons
 - Level 5.9 Dodging
 - Level 1.5 Stealth


You had 4 spell levels left.
You didn't know any spells.
Your spell library was empty.

Inventory:

Hand Weapons
 a - a +0 shortbow (weapon)
Armour
 c - a +0 robe (worn)
 l - a +1 hat
Jewellery
 m - a ring of positive energy
Wands
 k - a wand of iceblast (9)
Scrolls
 g - 2 scrolls of identify
Potions
 d - a potion of cancellation
 e - a potion of curing
 f - 2 potions of mutation
 h - a potion of attraction {unknown}
 i - a potion of invisibility {unknown}

Dungeon Overview and Level Annotations

Branches:
Dungeon (4/15)
 Temple: D:4-7

Altars:
Hepliaklqana


Message History

The arrow hits the black bear but does no damage.
The black bear is lightly wounded.
You shoot an arrow. The arrow hits the black bear.
The black bear is lightly wounded.
The black bear closely misses you. The black bear completely misses you.
The black bear claws you.
You shoot an arrow. The arrow hits the black bear.
The black bear is moderately wounded.
The black bear completely misses you. The black bear claws you. x2
You shoot an arrow. The arrow hits the black bear!
The black bear is severely wounded.
You shoot an arrow. The arrow barely misses the black bear.
The black bear misses you. x2; The black bear closely misses you.
You shoot an arrow. The arrow barely misses the black bear.
The black bear closely misses you. x2; The black bear completely misses you.
You shoot an arrow. The arrow barely misses the black bear.
The black bear barely misses you. The black bear closely misses you.
The black bear claws you.
You shoot an arrow. The arrow hits the black bear.
The black bear is severely wounded.
The black bear completely misses you. The black bear claws you.
The black bear misses you.
You shoot an arrow.
The arrow hits the black bear but does no damage.
The black bear is severely wounded.
The black bear bites you. The black bear claws you.
The black bear completely misses you.
2619 ||| READING scroll of teleportation.
As you read the scroll of teleportation, it crumbles to dust.
You feel strangely unstable.
You shoot an arrow.
The arrow completely misses the black bear.
The black bear bites you.
The black bear claws you but does no damage.
The black bear claws you.
You shoot an arrow. The arrow hits the black bear.
The black bear is almost dead.
You shoot an arrow. The arrow barely misses the black bear.
The black bear completely misses you. The black bear claws you. x2
You die...

##................##
....##.....>......#####
..####....<..<........#####
###
#.....................######
#
#................#.........##
##
#...)............######......
.## #...............##
###.... ..# ##.............##
#...# ..## #..........@.##
##..# ...# #######....#h#
##.# ...# ######.# ### ...#
.. ...# ... ..## .#.. ..#
##... .## #... ##


You could see a black bear.

Vanquished Creatures
  A scorpion (D:4)
  A hound (D:4)
  An adder (D:2)
  4 dart slugs
  A ribbon worm (D:3)
  3 orcs
  9 ball pythons
  3 bats
  4 endoplasms
  7 giant cockroaches
  3 goblins
  5 hobgoblins
  5 jackals
  4 kobolds
  2 quokkas (D:1)
  4 frilled lizards
  5 rats
62 creatures vanquished.

Notes
Turn   | Place    | Note
-------+----------+-------------------------------------------
     0 | D:1      | qw the Spriggan Hunter began the quest for the Orb.
     0 | D:1      | Reached XP level 1. HP: 10/10 MP: 2/2
     0 | D:1      | 0 ||| qw: Version: 0.3-a-155-g5e7d8dd
     0 | D:1      | 0 ||| qw: Game counter: 1654
     0 | D:1      | 0 ||| qw: Melee chars always use a shield: true
     0 | D:1      | 0 ||| qw: God list: Okawaru
     0 | D:1      | 0 ||| qw: Allow faded altars: false
     0 | D:1      | 0 ||| qw: Do Orc after clearing Dungeon:15 true
     0 | D:1      | 0 ||| qw: Do second Lair branch before Depths: true
     0 | D:1      | 0 ||| qw: Lair rune preference: random
     0 | D:1      | 0 ||| qw: Goals: Normal
     0 | D:1      | 0 ||| PLANNING D:1-11
    74 | D:1      | Reached skill level 3 in Dodging
   149 | D:1      | Reached XP level 2. HP: 14/14 MP: 3/3
   491 | D:1      | Reached XP level 3. HP: 18/18 MP: 4/4
   701 | D:1      | 701 ||| READING scroll labelled CONEGI GUAF.
   702 | D:1      | 702 ||| READING scroll labelled TURHEA GUCURO.
   706 | D:1      | 706 ||| DROPPING scroll of butterflies.
  1425 | D:2      | 1425 ||| READING scroll labelled OWNAFE XAEJEST.
  1425 | D:2      | 1425 ||| IDENTIFYING grey potion
  1426 | D:2      | 1426 ||| DRINKING 2 golden potions.
  1532 | D:3      | Found a hazy altar of Hepliaklqana.
  1685 | D:3      | Found a faded altar of an unknown god.
  1728 | D:3      | Reached XP level 4. HP: 22/22 MP: 5/5
  2108 | D:3      | 2108 ||| READING scroll of identify.
  2108 | D:3      | 2108 ||| IDENTIFYING fuming black potion
  2109 | D:3      | 2109 ||| READING scroll labelled ITIKOU HE ZUST.
  2110 | D:3      | 2110 ||| READING scroll labelled BACRYL JEHI.
  2111 | D:3      | 2111 ||| READING scroll labelled MOHAVEI SASYK.
  2112 | D:3      | 2112 ||| DRINKING 3 murky red potions.
  2112 | D:3      | Gained mutation: Your flesh is heat resistant. (rF+)
                  | [potion of mutation]
  2112 | D:3      | Lost mutation: Your flesh is heat resistant. (rF+) [potion
                  | of mutation]
  2112 | D:3      | Gained mutation: Your system is resistant to poisons.
                  | (rPois) [potion of mutation]
  2150 | D:4      | Noticed a scorpion
  2151 | D:4      | 2151 ||| DRINKING 2 potions of haste.
  2371 | D:4      | 2371 ||| DRINKING 2 potions of haste.
  2387 | D:4      | Killed a scorpion
  2388 | D:4      | Reached XP level 5. HP: 22/25 MP: 6/6
  2606 | D:4      | Noticed a black bear
  2607 | D:4      | 2607 ||| DRINKING potion of haste.
  2618 | D:4      | HP: 6/26 [black bear (4)]
  2619 | D:4      | 2619 ||| READING scroll of teleportation.
  2620 | D:4      | HP: 2/26 [black bear (3)]
  2622 | D:4      | Slain by a black bear

Levels and vault maps discovered:
D:1:      evilmike_arrival_crescent, layout_loops_cross, minmay_misc_feat_alley,
          minmay_misc_feat_columns
D:2:      layout_basic
D:3:      layout_loops_ring, nicolae_overflow_crystal_walls,
          ebering_ecumenical_altar_sacrificial, st_stairs_10, minmay_pentangle
D:4:      layout_cave_pods

Skill      XL: |  1  2  3  4  5 |
---------------+----------------+-----
Dodging        | 3 4 5 |  5.9
Ranged Weapons | 5 |  5.0
Fighting       | 2 |  2.1
Stealth        | |  1.5

Action                     |  1- 3 |  4- 6 || total
---------------------------+-------+-------++-------
   Fire: Shortbow          |    98 |    68 ||   166
    Use: Scroll            |     3 |     5 ||     8
         Potion            |     1 |     4 ||     5
 Armour: Robe              |    12 |    20 ||    32
  Dodge: Dodged            |    34 |    46 ||    80

Table legend:
 A = Non-vault XP
 B = Vault XP
 C = Vault XP percentage of total XP
 D = Non-vault monster count
 E = Vault monster count
 F = Vault count percentage of total count
                 A         B        C        D         E       F
            +---------+---------+-------+---------+---------+-------
      Total |     249 |      13 |   5.0 |      56 |       6 |   9.7
            +---------+---------+-------+---------+---------+-------
        D:1 |      45 |       0 |   0.0 |      25 |       0 |   0.0
        D:2 |      31 |       0 |   0.0 |      10 |       0 |   0.0
        D:3 |      23 |      13 |  36.1 |      12 |       6 |  33.3
        D:4 |     150 |       0 |   0.0 |       9 |       0 |   0.0
            +---------+---------+-------+---------+---------+-------
